 Dungeon Crawl Stone Soup version 0.17.1-1-g73c8601 (webtiles) character file.

457 Killerpretzel the Destroyer (level 6, -4/32 HPs)
             Began as a Deep Elf Conjurer on Dec 17, 2015.
             Killed from afar by Duvessa (17 damage)
             ... with a wand of lightning
             ... on level 5 of the Dungeon.
             The game lasted 00:33:26 (4883 turns).

Killerpretzel the Destroyer (Deep Elf Conjurer)     Turns: 4883, Time: 00:33:26

Health: -4/32      AC:  2    Str:  7    XL:     6   Next: 77%
Magic:  13/21      EV: 13    Int: 22    God:
Gold:   194        SH:  0    Dex: 15    Spells: 3 memorised, 3 levels left

rFire  . . .     SeeInvis .     (no weapon)
rCold  . . .     Clarity  .     a - +0 robe
rNeg   . . .     SustAt   .     (no shield)
rPois  .         Gourm    .     (no helmet)
rElec  .         Spirit   .     (no cloak)
rCorr  .         Warding  .     (no gloves)
rMut   .         Stasis   .     (no boots)
MR     .....                    E - amulet of faith
Stlth  ++........               r - +2 ring of intelligence
                                h - ring of magical power

@: not resistant to hostile enchantments, unstealthy
A: no striking features
a: no special abilities


You were on level 5 of the Dungeon.
You were hungry.

You visited 1 branch of the dungeon, and saw 5 of its levels.

You collected 194 gold pieces.

Inventory:

Hand Weapons
 d - a +0 dagger
 g - a +0 hunting sling
 D - a cursed -1 dagger
 G - a +0 dagger
Missiles
 l - 46 sling bullets
 p - 43 stones (quivered)
 t - 12 poisoned needles
Armour
 a - a +0 robe (worn)
 e - a +0 buckler
 k - a +0 helmet
 v - a +0 pair of boots
 w - a +0 buckler
Jewellery
 f - an uncursed ring of positive energy
 h - a ring of magical power (left hand)
 r - a +2 ring of intelligence (right hand)
 z - an uncursed ring of see invisible {unknown}
 E - an amulet of faith (around neck)
 H - an uncursed ring of stealth {unknown}
Scrolls
 y - 2 scrolls of teleportation
 A - a scroll of enchant armour {unknown}
 B - a scroll of fog {unknown}
 C - a scroll of remove curse
Potions
 j - a potion of might {unknown}
 m - a potion of resistance {unknown}
 n - a potion of mutation {unknown}
 o - a potion of poison {unknown}
 q - a potion of heal wounds {unknown}
 x - a potion of degeneration {unknown}
Books
 b - a book of Conjurations

   Spells                             Type                      Level
   a - Magic Dart                     Conjuration                  1
   b - Searing Ray                    Conjuration                  2
   c - Dazzling Spray                 Conjuration/Hexes            3
   d - Fulminant Prism                Conjuration/Hexes            4
   e - Iskenderun's Mystic Blast      Conjuration                  4
   f - Iskenderun's Battlesphere      Conjuration/Charms           5
Comestibles
 c - 2 bread rations
 i - 3 beef jerkies
 s - 2 meat rations
 u - 4 fruits
 F - 5 chunks of flesh


   Skills:
 - Level 2.4 Dodging
 - Level 2.4 Stealth
 - Level 3.0 Spellcasting
 + Level 8.1 Conjurations
 + Level 4.7 Charms


You had 3 spell levels left.
You knew the following spells:

 Your Spells              Type           Power        Failure   Level  Hunger
a - Magic Dart            Conj           ####         1%          1    None
b - Searing Ray           Conj           #####.       1%          2    ##.....
w - Iskenderun's Battles  Conj/Chrm      ####....     28%         5    ######.


Dungeon Overview and Level Annotations

Branches:
Dungeon (5/15)
 Temple: D:4-7

Altars:
Cheibriados
Qazlal

Shops:
D:4 :

Annotations:
D:3 exclusion: downstairs, Crazy Yiuf
D:4 Sigmund
D:5 exclusion: upstairs, Dowan, Duvessa


Message History

Duvessa is severely wounded.
Your battlesphere fires!
The barrage of energy hits Duvessa.
Duvessa is almost dead.
Casting: Magic Dart
Confirm with . or Enter, or press ? or * to list all spells.
Aiming: Magic Dart
Press: ? - help, Shift-Dir - straight line, f/p - Duvessa
Aim: Duvessa, wielding a short sword and carrying a wand of lightning {zapped: 1} (severely wounded)
The magic dart hits Duvessa.
Duvessa is almost dead.
Your battlesphere fires!
The barrage of energy hits Duvessa.
Duvessa is almost dead.
Duvessa zaps a wand.
The bolt of lightning hits your battlesphere.
Your battlesphere completely resists.
The bolt of lightning misses you. The bolt of lightning hits you!
Ouch! That really hurt!
You die...

#.#^..### #.#
#.##..# #.# .
#..### #e# ##
##....# #.#
#.#.#.# #*#
##.#>..# #.#
#....##### #.#
##.......###.#
#######.#.@.#
#.#.### #...#
#####


You could see Duvessa.

Vanquished Creatures
  An ogre (D:5)
  A scorpion (D:3)
  A vampire bat (D:4)
  2 hounds
  An orc priest (D:3)
  3 worker ants
  6 adders
  An ooze (D:3)
  An adder skeleton (D:5)
  A worm (D:3)
  A giant gecko (D:2)
  11 orcs (D:3)
  4 giant cockroaches
  6 goblins
  2 hobgoblins
  4 jackals (D:1)
  5 kobolds
  8 bats
  3 giant newts
  A quokka skeleton (D:5)
  9 rats
72 creatures vanquished.

Notes
Turn   | Place    | Note
--------------------------------------------------------------
     0 | D:1      | Killerpretzel the Deep Elf Conjurer began the quest for the Orb.
     0 | D:1      | Reached XP level 1. HP: 10/10 MP: 6/6
   203 | D:1      | Reached XP level 2. HP: 15/15 MP: 2/8
   207 | D:1      | Learned a level 2 spell: Searing Ray
   269 | D:1      | Reached skill level 5 in Conjurations
  1734 | D:3      | Noticed a scorpion
  2086 | D:3      | Reached XP level 3. HP: 19/19 MP: 7/9
  2215 | D:4      | Noticed Sigmund
  2447 | D:2      | Found a snail-covered altar of Cheibriados.
  2454 | D:2      | Reached skill level 6 in Conjurations
  2743 | D:3      | Reached XP level 4. HP: 21/24 MP: 5/10
  3504 | D:3      | Reached skill level 7 in Conjurations
  3504 | D:3      | Reached XP level 5. HP: 18/28 MP: 5/11
  3590 | D:3      | Learned a level 5 spell: Iskenderun's Battlesphere
  3641 | D:3      | Killed a scorpion
  3641 | D:3      | Reached skill level 1 in Charms
  3750 | D:3      | Noticed Crazy Yiuf
  4006 | D:4      | Reached XP level 6. HP: 32/32 MP: 5/12
  4220 | D:4      | Found Joipic Faure's Book Emporium.
  4271 | D:5      | Entered Level 5 of the Dungeon
  4383 | D:5      | Noticed Duvessa
  4389 | D:5      | Noticed Dowan
  4697 | D:5      | Found a stormy altar of Qazlal.
  4788 | D:5      | Reached skill level 8 in Conjurations
  4883 | D:5      | Killed from afar by Duvessa

Action                   |  1- 3 |  4- 6 || total
-------------------------+-------+-------++-------
 Cast: Magic Dart        |    62 |    75 ||   137
       Searing Ray       |     4 |    13 ||    17
       Iskenderun's Batt |       |     1 ||     1
  Use: Scroll            |     7 |     1 ||     8
       Potion            |     1 |     1 ||     2
  Eat: Chunk             |     5 |     7 ||    12
